[Event "ICC tourney 3231 (40 10)"]
[Site "Internet Chess Club"]
[Date "2023.07.08"]
[Round "1"]
[White "SCHROMBECK, JON A:GHOST375"]
[Black "MENON, ROHAN Dileep:KIDFIRE"]
[Result "0-1"]
[ICCResult "White resigns"]
[WhiteElo "1530"]
[BlackElo "1744"]
[Opening "Caro-Kann defense"]
[ECO "B10"]
[NIC "CK.01"]
[Time "11:01:20"]
[PlyCount "38"]
[TimeControl "2400+10"]

1. e4 c6 2. f4 d5 3. e5 Bf5 4. Nf3 e6 5. d4 Nd7 6. Bd3 Ne7 7. h3 Bxd3 8.
Qxd3 Nf5 9. Ng5 Be7 10. g4 Nh4 11. Qg3 Ng6 12. h4 h6 13. Nf3 h5 14. g5 Qb6
15. c3 c5 16. b3 cxd4 17. Nxd4 Nc5 18. Nd2 Nxf4 19. O-O Ne2+ {White resigns}
0-1

[Event "ICC tourney 3231 (40 10)"]
[Site "Internet Chess Club"]
[Date "2023.07.08"]
[Round "1"]
[White "SCHWETKE, DOUGLAS:Bilbo"]
[Black "Cheng, Samuel:Samuel1001"]
[Result "0-1"]
[ICCResult "White resigns"]
[WhiteElo "1500"]
[BlackElo "1719"]
[Opening "Grünfeld: exchange, classical variation"]
[ECO "D87"]
[NIC "GI.05"]
[Time "11:12:35"]
[PlyCount "64"]
[TimeControl "2400+10"]

1. d4 Nf6 2. c4 g6 3. Nc3 d5 4. cxd5 Nxd5 5. e4 Nxc3 6. bxc3 Bg7 7. Bc4 c5
8. Ne2 Nc6 9. Be3 O-O 10. O-O Qc7 11. Rc1 b6 12. Bf4 e5 13. dxe5 Nxe5 14.
Bb5 Rd8 15. Qc2 a6 16. Ba4 b5 17. Bb3 c4 18. Ba4 bxa4 19. Qxa4 Bb7 20. f3
Qc5+ 21. Kh1 Nd3 22. Rb1 Bc6 23. Qc2 Nf2+ 24. Kg1 Nh3+ 25. Kh1 Nf2+ 26. Kg1
Nxe4+ 27. Kh1 Nf2+ 28. Kg1 Nd3+ 29. Kh1 Nxf4 30. Nxf4 Qe5 31. Ne2 Ba4 32.
Qb2 Rab8 {White resigns} 0-1

[Event "ICC tourney 3231 (40 10)"]
[Site "Internet Chess Club"]
[Date "2023.07.08"]
[Round "1"]
[White "Hernandez-Visbal, Arthur:thechessgod22"]
[Black "TJIPTO, GAVIN:akudakudaku"]
[Result "1-0"]
[ICCResult "Black resigns"]
[WhiteElo "1659"]
[BlackElo "1475"]
[Opening "Two knights defense"]
[ECO "C55"]
[NIC "IG.01"]
[Time "11:01:24"]
[PlyCount "97"]
[TimeControl "2400+10"]

1. e4 e5 2. Nf3 Nc6 3. Bc4 Nf6 4. d4 Nxe4 5. dxe5 d6 6. Bxf7+ Kxf7 7. Qd5+
Be6 8. Qxe4 Be7 9. O-O h6 10. Nc3 Rf8 11. exd6 Bxd6 12. Re1 Qd7 13. Bf4 Bxf4
14. Qxf4+ Kg8 15. Qg3 Rf6 16. Rad1 Qf7 17. Ne5 Nxe5 18. Rxe5 Rf8 19. Rd2 Bd7
20. Nd5 Rd6 21. Ne7+ Kh7 22. Rxd6 cxd6 23. Qd3+ g6 24. Re2 Re8 25. Qxd6 Bf5
26. Qc7 Be6 27. Rxe6 Qxe6 28. Nf5+ Re7 29. Qxe7+ Qxe7 30. Nxe7 Kg7 31. c4
Kf6 32. Nd5+ Ke5 33. f3 Kd4 34. b3 b5 35. Ne7 bxc4 36. bxc4 Kxc4 37. Nxg6
Kb4 38. f4 Ka3 39. f5 Kxa2 40. f6 a5 41. f7 a4 42. f8=Q a3 43. Qf2+ Ka1 44.
Qe1+ Ka2 45. Qd2+ Kb1 46. Qxh6 a2 47. Qg7 a1=Q 48. Qxa1+ Kxa1 49. h4
{Black resigns}
1-0

[Event "ICC tourney 3231 (40 10)"]
[Site "Internet Chess Club"]
[Date "2023.07.08"]
[Round "1"]
[White "THAIN, JACK:jt1819"]
[Black "Zimmerman, Kevin:blackjack721"]
[Result "1-0"]
[ICCResult "Black resigns"]
[WhiteElo "1724"]
[BlackElo "1500"]
[Opening "Robatsch defense: two knights variation"]
[ECO "A40"]
[NIC "QO.17"]
[Time "11:01:23"]
[PlyCount "69"]
[TimeControl "2400+10"]

1. d4 g6 2. Nc3 Bg7 3. e4 d6 4. Nf3 Bd7 5. Be3 Nf6 6. h3 Nc6 7. Qd2 e5 8.
dxe5 dxe5 9. O-O-O Qe7 10. Bg5 h6 11. Nd5 Qd8 12. Nxf6+ Bxf6 13. Bxf6 Qxf6
14. Qxd7+ Kf8 15. Bb5 Rd8 16. Qxc7 Qf4+ 17. Kb1 Kg7 18. Bxc6 bxc6 19. Rxd8
Rxd8 20. Qxd8 Qxe4 21. Qe7 h5 22. Qxe5+ Qxe5 23. Nxe5 c5 24. Rd1 Kf6 25.
Nd7+ Kf5 26. Nxc5 f6 27. Nb3 Ke5 28. c4 g5 29. c5 f5 30. c6 g4 31. hxg4 hxg4
32. g3 Ke4 33. c7 Kf3 34. Rd2 f4 35. gxf4 {Black resigns} 1-0

[Event "ICC tourney 3231 (40 10)"]
[Site "Internet Chess Club"]
[Date "2023.07.08"]
[Round "1"]
[White "GHOSH, YOHAN:luckylion"]
[Black "QIAO, RICHARDSON JINGSI:Richardsonqiao"]
[Result "1-0"]
[ICCResult "Black resigns"]
[WhiteElo "1830"]
[BlackElo "1607"]
[Opening "Scotch gambit"]
[ECO "C44"]
[NIC "SO.06"]
[Time "11:01:19"]
[PlyCount "57"]
[TimeControl "2400+10"]

1. e4 e5 2. Nf3 Nc6 3. d4 exd4 4. Bc4 Bb4+ 5. c3 dxc3 6. bxc3 Ba5 7. Qb3 Qe7
8. O-O Nf6 9. e5 Ne4 10. Ba3 Nc5 11. Bxc5 Qxc5 12. Bxf7+ Kd8 13. e6 d6 14.
Qa4 b5 15. Qh4+ Ne7 16. Nbd2 Qf5 17. Nd4 Qf6 18. Qg3 Bb7 19. Nxb5 Nf5 20.
Qd3 a6 21. Nd4 Bxc3 22. Nxf5 Bxa1 23. e7+ Kd7 24. e8=Q+ Raxe8 25. Bxe8+ Rxe8
26. Nb3 Qg6 27. Nc5+ Kc8 28. Nxb7 Be5 29. Qxa6 {Black resigns} 1-0

[Event "ICC tourney 3231 (40 10)"]
[Site "Internet Chess Club"]
[Date "2023.07.08"]
[Round "1"]
[White "JAIN, PIYUSH:Piyush786"]
[Black "PAN, ROGER:RogerPbim"]
[Result "1-0"]
[ICCResult "Black checkmated"]
[WhiteElo "1772"]
[BlackElo "1549"]
[Opening "Sicilian defense"]
[ECO "B20"]
[NIC "SI.48"]
[Time "11:01:20"]
[PlyCount "59"]
[TimeControl "2400+10"]

1. e4 c5 2. a3 e6 3. b4 cxb4 4. axb4 Bxb4 5. c3 Be7 6. d4 d6 7. Bd3 Nf6 8.
f4 Nc6 9. Ne2 O-O 10. O-O Qb6 11. Na3 d5 12. e5 Nd7 13. Ng3 Bxa3 14. Bxa3
Re8 15. Qh5 h6 16. Rad1 Qa5 17. Bb2 Qb6 18. f5 Ndxe5 19. f6 Nxd3 20. fxg7
Nde5 21. Qxh6 Ng6 22. Nh5 f5 23. Nf6+ Kf7 24. Nxe8 Kxe8 25. Qxg6+ Kd8 26.
g8=Q+ Kd7 27. Q6xe6+ Kc7 28. Qgf7+ Kb8 29. Qd6+ Qc7 30. Qdxc7#
{Black checkmated}
1-0

[Event "ICC tourney 3231 (40 10)"]
[Site "Internet Chess Club"]
[Date "2023.07.08"]
[Round "1"]
[White "SULTAN, BASHIR Cisse:muzikmixer"]
[Black "RAMKUMAR, NIKHIL:nikhilramkumar"]
[Result "1/2-1/2"]
[ICCResult "Game drawn because neither player has mating material"]
[WhiteElo "1590"]
[BlackElo "1799"]
[Opening "English opening"]
[ECO "A21"]
[NIC "EO.23"]
[Time "11:01:20"]
[PlyCount "117"]
[TimeControl "2400+10"]

1. c4 e5 2. Nc3 f5 3. d4 exd4 4. Qxd4 Nc6 5. Qe3+ Qe7 6. Nd5 Qxe3 7. Bxe3
Kd8 8. O-O-O Nb4 9. Bg5+ Nf6 10. Nxf6 h6 11. Nxd7+ hxg5 12. Nb6+ Ke8 13.
Nxa8 Bd6 14. a3 Nc6 15. Nf3 g4 16. c5 gxf3 17. cxd6 cxd6 18. Rxd6 Ke7 19.
Rd1 Be6 20. Nc7 Bb3 21. Nd5+ Kd6 22. Rd2 Bxd5 23. e4 fxe4 24. Bc4 Ne7 25.
gxf3 Rc8 26. b3 b5 27. fxe4 bxc4 28. exd5 cxb3+ 29. Kb2 Nxd5 30. Rhd1 Rc5
31. Rxd5+ Rxd5 32. Rxd5+ Kxd5 33. Kxb3 Ke4 34. Ka4 Kf3 35. Ka5 Kxf2 36. Ka6
Kg2 37. Kxa7 Kxh2 38. a4 g5 39. a5 g4 40. a6 g3 41. Kb8 g2 42. a7 g1=Q 43.
a8=Q Qg3+ 44. Ka7 Qe3+ 45. Kb8 Qe5+ 46. Ka7 Qc5+ 47. Kb8 Qd6+ 48. Ka7 Qa3+
49. Kb8 Qd6+ 50. Ka7 Kg1 51. Qg8+ Kf2 52. Qf7+ Ke3 53. Qb3+ Ke4 54. Qc2+ Kf3
55. Qc3+ Kg4 56. Qb3 Kg5 57. Qe3+ Kg6 58. Qb6 Qxb6+ 59. Kxb6
{Game drawn because neither player has mating material}
1/2-1/2

[Event "ICC tourney 3231 (40 10)"]
[Site "Internet Chess Club"]
[Date "2023.07.08"]
[Round "1"]
[White "HAO, RYAN:Ryan334"]
[Black "S.M, UMER:uncrackable"]
[Result "0-1"]
[ICCResult "White checkmated"]
[WhiteElo "1609"]
[BlackElo "1843"]
[Opening "Sicilian: Alapin's variation (2.c3)"]
[ECO "B22"]
[NIC "SI.47"]
[Time "11:01:16"]
[PlyCount "136"]
[TimeControl "2400+10"]

1. e4 c5 2. c3 Nf6 3. e5 Nd5 4. d4 cxd4 5. Qxd4 e6 6. Nf3 Nc6 7. Qe4 f5 8.
Qc2 Qc7 9. Qe2 b5 10. Nbd2 a5 11. Nb3 Ba6 12. Nbd4 b4 13. c4 Nxd4 14. Nxd4
Rc8 15. b3 Nc3 16. Qe3 Bc5 17. Bb2 O-O 18. Be2 f4 19. Qd2 Qa7 20. Nf3 Bxf2+
21. Kf1 Be3 22. Qc2 Bb7 23. Bxc3 bxc3 24. Rd1 Bxf3 25. Bxf3 Bd2 26. Be4 h6
27. Qd3 Qe3 28. Qe2 Rc5 29. Bf3 Rxe5 30. Qxe3 Rxe3 31. Kf2 Re5 32. Rhf1 Be3+
33. Ke2 Bc5+ 34. Kd3 Re3+ 35. Kc2 d6 36. Rfe1 Rxe1 37. Rxe1 e5 38. Bd5+ Kh7
39. Rf1 Bd4 40. Kd3 g5 41. g3 Rb8 42. gxf4 gxf4 43. Rf3 a4 44. Kc2 axb3+ 45.
axb3 Kg6 46. Be4+ Kg5 47. h3 Kh4 48. Bf5 Rg8 49. Rf1 Rg2+ 50. Kd3 Rb2 51.
Ra1 Rxb3 52. Ra8 Kg3 53. Rg8+ Kf2 54. Be4 c2+ 55. Kxc2 Rxh3 56. Rg2+ Ke3 57.
Bd3 f3 58. Rg4 Rh2+ 59. Kb3 Kxd3 60. Rg3 Rb2+ 61. Ka3 e4 62. Rg6 Kc3 63.
Rxd6 Bc5+ 64. Ka4 Bxd6 65. c5 Bxc5 66. Ka5 Kc4 67. Ka6 e3 68. Ka5 Ra2#
{White checkmated}
0-1

[Event "ICC tourney 3231 (40 10)"]
[Site "Internet Chess Club"]
[Date "2023.07.08"]
[Round "1"]
[White "DHANASEKAR, RAKSHITA:rooku2211"]
[Black "WU, WINSTON:qjet"]
[Result "0-1"]
[ICCResult "White checkmated"]
[WhiteElo "1205"]
[BlackElo "1649"]
[Opening "Giuoco Piano: Greco's attack"]
[ECO "C54"]
[NIC "IG.02"]
[Time "11:01:34"]
[PlyCount "140"]
[TimeControl "2400+10"]

1. e4 e5 2. Nf3 Nc6 3. Bc4 Bc5 4. c3 Nf6 5. d4 exd4 6. cxd4 Bb4+ 7. Nc3 d6
8. O-O h6 9. Qa4 Bxc3 10. bxc3 O-O 11. e5 Nd7 12. exd6 cxd6 13. Qc2 Nb6 14.
Bd3 Be6 15. c4 Nb4 16. Bh7+ Kh8 17. Qb1 Bxc4 18. Re1 N4d5 19. Bd2 Nf6 20.
Bc2 Rc8 21. Nh4 Re8 22. Rxe8+ Qxe8 23. Nf5 Qe6 24. Qd1 Be2 25. Qb1 Bh5 26.
Qb2 Bg6 27. Re1 Qd7 28. Ne7 Re8 29. Nxg6+ fxg6 30. Bxg6 Rxe1+ 31. Bxe1 Qe6
32. Qb1 Qe7 33. h3 Nbd5 34. Bd2 Nb6 35. Qb3 d5 36. Qe3 Qd7 37. Qe5 Nc4 38.
Qb8+ Ng8 39. Bc3 Qe6 40. Qe8 Qxe8 41. Bxe8 Nf6 42. Bf7 g5 43. Kf1 Kg7 44.
Be6 a5 45. Ke2 Kf8 46. Kd3 Ke7 47. Bc8 b6 48. Ba6 Nd6 49. f3 Ke6 50. Ke3
Nc4+ 51. Bxc4 dxc4 52. Kd2 Kd5 53. Kc2 Nd7 54. Kd2 Nb8 55. Ke3 Nc6 56. Bb2
b5 57. g3 b4 58. a3 c3 59. Bc1 Nxd4 60. axb4 axb4 61. f4 b3 62. Ba3 b2 63.
Bc5 b1=Q 64. Bxd4 Qe4+ 65. Kf2 Kxd4 66. fxg5 hxg5 67. g4 c2 68. Kg3 c1=Q 69.
h4 Qcf4+ 70. Kh3 Qef3# {White checkmated} 0-1

[Event "ICC tourney 3231 (40 10)"]
[Site "Internet Chess Club"]
[Date "2023.07.08"]
[Round "2"]
[White "RAMKUMAR, NIKHIL:nikhilramkumar"]
[Black "BERKLEY, DARRIN K:drberkley"]
[Result "0-1"]
[ICCResult "White resigns"]
[WhiteElo "1799"]
[BlackElo "1874"]
[Opening "King's pawn opening"]
[ECO "B07"]
[NIC "VO.17"]
[Time "13:15:11"]
[PlyCount "46"]
[TimeControl "2400+10"]

1. e4 d6 2. Nc3 Nf6 3. f4 g6 4. Nf3 Bg7 5. Bc4 O-O 6. O-O Nc6 7. d3 Bg4 8.
Be3 e5 9. h3 Bxf3 10. Qxf3 Nd4 11. Bxd4 exd4 12. Ne2 Nd7 13. f5 Ne5 14. Qg4
Nxg4 15. fxg6 Ne3 16. gxf7+ Kh8 17. Rf3 Nxc4 18. dxc4 Qe7 19. Raf1 Qxe4 20.
Ng3 Qxc2 21. Nh5 Qxc4 22. Rf5 d3 23. Rg5 Rxf7 {White resigns} 0-1

[Event "ICC tourney 3231 (40 10)"]
[Site "Internet Chess Club"]
[Date "2023.07.08"]
[Round "2"]
[White "Zimmerman, Kevin:blackjack721"]
[Black "DHANASEKAR, RAKSHITA:rooku2211"]
[Result "1-0"]
[ICCResult "Black checkmated"]
[WhiteElo "1500"]
[BlackElo "1205"]
[Opening "Evans gambit"]
[ECO "C52"]
[NIC "IG.05"]
[Time "13:15:17"]
[PlyCount "47"]
[TimeControl "2400+10"]

1. e4 e5 2. Nf3 Nc6 3. Bc4 Bc5 4. b4 Bxb4 5. c3 Ba5 6. d4 exd4 7. Nxd4 Nxd4
8. Qxd4 Qf6 9. e5 Qe7 10. O-O Qd8 11. Ba3 Ne7 12. Nd2 O-O 13. Qh4 Re8 14.
Ne4 d5 15. exd6 cxd6 16. Nxd6 Rf8 17. Rad1 Nc6 18. Qh5 g6 19. Qh6 Be6 20.
Nxf7 Qf6 21. Bxe6 Qxe6 22. Bxf8 Rxf8 23. Ng5 Qf6 24. Qxh7# {Black
checkmated} 1-0

[Event "ICC tourney 3231 (40 10)"]
[Site "Internet Chess Club"]
[Date "2023.07.08"]
[Round "2"]
[White "PAN, ROGER:RogerPbim"]
[Black "SCHWETKE, DOUGLAS:Bilbo"]
[Result "1/2-1/2"]
[ICCResult "Game drawn by mutual agreement"]
[WhiteElo "1549"]
[BlackElo "1500"]
[Opening "Queen's pawn: London system"]
[ECO "A45"]
[NIC "QP.07"]
[Time "13:16:38"]
[PlyCount "59"]
[TimeControl "2400+10"]

1. d4 Nf6 2. Bf4 g6 3. e3 Bg7 4. h3 d6 5. Nf3 O-O 6. Be2 c5 7. O-O Nbd7 8.
c3 Qb6 9. Qc2 a6 10. Nbd2 Qd8 11. Rfd1 cxd4 12. exd4 b5 13. Re1 Nb6 14. Ne4
Bf5 15. Nxf6+ Bxf6 16. Bd3 Bxd3 17. Qxd3 Nc4 18. b3 Nb6 19. Bh6 Re8 20. Bg5
Bxg5 21. Nxg5 Rc8 22. Qf3 f6 23. Ne6 Qd7 24. Rac1 Qc6 25. Qxc6 Rxc6 26. Re2
Rec8 27. Rec2 Kf7 28. Nf4 e5 29. dxe5 dxe5 30. Ne2
{Game drawn by mutual agreement}
1/2-1/2

[Event "ICC tourney 3231 (40 10)"]
[Site "Internet Chess Club"]
[Date "2023.07.08"]
[Round "2"]
[White "MENON, ROHAN Dileep:KIDFIRE"]
[Black "Butenko, Zlata:butik666"]
[Result "0-1"]
[ICCResult "White checkmated"]
[WhiteElo "1744"]
[BlackElo "1637"]
[Opening "King's Indian: London system"]
[ECO "A48"]
[NIC "QP.03"]
[Time "13:15:13"]
[PlyCount "68"]
[TimeControl "2400+10"]

1. d4 Nf6 2. Nf3 g6 3. Bf4 Bg7 4. c4 d6 5. Nc3 Nbd7 6. e3 a5 7. Be2 O-O 8.
O-O Nh5 9. Bg5 h6 10. Bh4 g5 11. Bg3 Nxg3 12. hxg3 f5 13. e4 f4 14. gxf4
gxf4 15. Qb3 Kh7 16. Bd3 e5 17. Rad1 Qf6 18. Nd5 Qg6 19. Nxc7 Bf6 20. Kh1
Rg8 21. Rg1 Qh5+ 22. Nh2 Bh4 23. g3 fxg3 24. fxg3 Bxg3 25. Rd2 Bxh2 26. Rxh2
Qf3+ 27. Rgg2 Rxg2 28. Rxg2 Nc5 29. dxc5 Bh3 30. Qc2 Rg8 31. Qe2 Bxg2+ 32.
Kh2 Qg3+ 33. Kg1 Bf3+ 34. Kf1 Qg1# {White checkmated} 0-1

[Event "ICC tourney 3231 (40 10)"]
[Site "Internet Chess Club"]
[Date "2023.07.08"]
[Round "2"]
[White "QIAO, RICHARDSON JINGSI:Richardsonqiao"]
[Black "SULTAN, BASHIR Cisse:muzikmixer"]
[Result "0-1"]
[ICCResult "White resigns"]
[WhiteElo "1607"]
[BlackElo "1590"]
[Opening "French: advance, Milner-Barry gambit"]
[ECO "C02"]
[NIC "FR.03"]
[Time "13:16:41"]
[PlyCount "92"]
[TimeControl "2400+10"]

1. d4 e6 2. e4 d5 3. e5 c5 4. c3 Qb6 5. Nf3 Nc6 6. Bd3 Bd7 7. Bc2 cxd4 8.
cxd4 Nb4 9. Bb3 Bb5 10. Bc2 Nxc2+ 11. Qxc2 Ne7 12. Nc3 Rc8 13. Qb3 Ba6 14.
Qxb6 axb6 15. Be3 Nf5 16. Kd2 Nxe3 17. fxe3 Bb4 18. a3 Bxc3+ 19. bxc3 Bc4
20. Rhb1 Rc6 21. a4 Ke7 22. Rb4 Rhc8 23. Rab1 Ba6 24. R1b3 h6 25. Ng1 Bc4
26. Ra3 Ra8 27. Rb1 Ra5 28. Nf3 b5 29. Ne1 Rc7 30. Rba1 bxa4 31. Rxa4 Rxa4
32. Rxa4 Rc6 33. Nc2 Ra6 34. Rxa6 bxa6 35. Nb4 Kd7 36. Kc2 a5 37. Nd3 Bxd3+
38. Kxd3 f6 39. exf6 gxf6 40. c4 dxc4+ 41. Kxc4 Kd6 42. Kb5 Kd5 43. Kxa5 Ke4
44. Kb6 Kxe3 45. Kc6 Kxd4 46. Kd6 e5 {White resigns} 0-1

[Event "ICC tourney 3231 (40 10)"]
[Site "Internet Chess Club"]
[Date "2023.07.08"]
[Round "2"]
[White "TJIPTO, GAVIN:akudakudaku"]
[Black "HAO, RYAN:Ryan334"]
[Result "1-0"]
[ICCResult "Black checkmated"]
[WhiteElo "1475"]
[BlackElo "1609"]
[Opening "Giuoco Piano"]
[ECO "C54"]
[NIC "IG.02"]
[Time "13:15:09"]
[PlyCount "91"]
[TimeControl "2400+10"]

1. e4 e5 2. Nf3 Nc6 3. Bc4 Bc5 4. c3 Nf6 5. d4 exd4 6. O-O O-O 7. cxd4 Bb6
8. d5 Ne7 9. e5 Ne8 10. Bg5 d6 11. Re1 Kh8 12. exd6 Nxd6 13. Bxe7 Qd7 14.
Bxf8 Nxc4 15. Re7 Qf5 16. Re8 h6 17. b3 Na5 18. Nc3 Qg6 19. Qb1 Bf5 20. Qe1
Rxe8 21. Qxe8 Kh7 22. Ne2 Bg4 23. Ng3 Qf6 24. Re1 Bxf3 25. gxf3 Qxf3 26.
Qe4+ Qxe4 27. Rxe4 Kg8 28. Ba3 Kh7 29. b4 Kg6 30. bxa5 Bxa5 31. Be7 Bc3 32.
Kf1 f6 33. f3 Kf7 34. Bb4 Be5 35. f4 Bb2 36. Ke2 g6 37. Re7+ Kg8 38. Rxc7
Bd4 39. Rxb7 Bb6 40. d6 f5 41. d7 h5 42. Rxb6 axb6 43. d8=Q+ Kf7 44. Qe7+
Kg8 45. Bc3 h4 46. Qg7# {Black checkmated} 1-0

[Event "ICC tourney 3231 (40 10)"]
[Site "Internet Chess Club"]
[Date "2023.07.08"]
[Round "2"]
[White "S.M, UMER:uncrackable"]
[Black "Hernandez-Visbal, Arthur:thechessgod22"]
[Result "0-1"]
[ICCResult "White resigns"]
[WhiteElo "1843"]
[BlackElo "1659"]
[Opening "Queen's pawn game"]
[ECO "A46"]
[NIC "QP.05"]
[Time "13:16:42"]
[PlyCount "111"]
[TimeControl "2400+10"]

1. d4 Nf6 2. Nf3 e6 3. Bf4 d5 4. e3 Bd6 5. Nbd2 O-O 6. Bd3 c5 7. c3 Bxf4 8.
exf4 Qb6 9. Rb1 Nc6 10. dxc5 Qxc5 11. O-O Bd7 12. Ne5 Rac8 13. Qf3 Ne7 14.
Qh3 Bb5 15. Bc2 h6 16. Rfe1 Nd7 17. Nb3 Qc7 18. Nd4 Nxe5 19. fxe5 Bd7 20.
Qd3 Ng6 21. Qg3 Ne7 22. h4 f5 23. exf6 Rxf6 24. Qxc7 Rxc7 25. h5 Nc6 26.
Rbd1 Nxd4 27. Rxd4 Kf7 28. Bg6+ Kf8 29. Re5 b5 30. Bd3 a6 31. g4 Kf7 32. f4
Ke7 33. g5 Rf7 34. Kg2 hxg5 35. Rxg5 a5 36. a3 a4 37. Kg3 Kd6 38. Rg6 Kc5
39. Rb4 Rb7 40. Rg5 Rc7 41. Re5 Rb7 42. Bg6 Rf6 43. Bc2 Bc6 44. f5 exf5 45.
Bxf5 Kd6 46. Kf4 Rbf7 47. Rd4 Rh6 48. Rd3 Rxh5 49. Kg4 Kxe5 50. Re3+ Kd6 51.
Bg6 d4 52. cxd4 Bf3+ 53. Rxf3 Rxf3 54. Kxf3 Rh2 55. Ke4 Rxb2 56. Be8
{White resigns}
0-1

[Event "ICC tourney 3231 (40 10)"]
[Site "Internet Chess Club"]
[Date "2023.07.08"]
[Round "2"]
[White "Kavari, Aarav:aaravkav"]
[Black "THAIN, JACK:jt1819"]
[Result "0-1"]
[ICCResult "White forfeits on time"]
[WhiteElo "1180"]
[BlackElo "1724"]
[Opening "Nimzovich-Larsen attack"]
[ECO "A01"]
[NIC "VO.08"]
[Time "13:15:18"]
[PlyCount "68"]
[TimeControl "2400+10"]

1. b3 c6 2. Bb2 d5 3. e3 Nf6 4. Nf3 Bg4 5. Be2 Nbd7 6. O-O Bxf3 7. Bxf3 e5
8. d4 e4 9. Be2 Bd6 10. Nd2 O-O 11. c4 Re8 12. cxd5 cxd5 13. Re1 Nb6 14. a3
Nfd7 15. Nf1 f5 16. f3 Qf6 17. Qd2 Qh6 18. Bd1 Re6 19. fxe4 fxe4 20. Bg4 Rf6
21. a4 Raf8 22. Ng3 Qh4 23. Bh3 Rg6 24. Ba3 Bxg3 25. hxg3 Rxg3 26. Bxf8 Nxf8
27. Kh2 Nbd7 28. Rh1 Nf6 29. Kg1 Qg5 30. Re1 Ng6 31. Qc1 h6 32. Qd2 Nh4 33.
Kf1 Ne8 34. Qf2 Nd6 {White forfeits on time} 0-1

[Event "ICC tourney 3231 (40 10)"]
[Site "Internet Chess Club"]
[Date "2023.07.08"]
[Round "2"]
[White "WU, WINSTON:qjet"]
[Black "JAIN, PIYUSH:Piyush786"]
[Result "0-1"]
[ICCResult "White checkmated"]
[WhiteElo "1649"]
[BlackElo "1772"]
[Opening "Scandinavian defense"]
[ECO "B01"]
[NIC "SD.03"]
[Time "13:15:14"]
[PlyCount "170"]
[TimeControl "2400+10"]

1. e4 d5 2. exd5 Nf6 3. Nf3 Nxd5 4. d4 Bg4 5. Be2 e6 6. O-O Bd6 7. h3 Bh5 8.
c4 Nf4 9. Bxf4 Bxf4 10. Nc3 Nd7 11. d5 Bxf3 12. Bxf3 O-O 13. dxe6 fxe6 14.
Qe2 Qf6 15. Bxb7 Rab8 16. Bc6 Nc5 17. Bf3 Rb4 18. a3 Rb3 19. Rfd1 Rfb8 20.
Ne4 Nxe4 21. Qxe4 Rxb2 22. Bg4 Be5 23. Rf1 Rf8 24. Kh1 Bd6 25. Qxe6+ Kh8 26.
Qxf6 Rxf6 27. f3 Rb3 28. Rfb1 Rxb1+ 29. Rxb1 g6 30. a4 Bg3 31. Rd1 Rc6 32.
Rd4 Rb6 33. f4 Rb4 34. a5 Ra4 35. a6 Rxa6 36. Rd1 Bxf4 37. Bc8 Ra4 38. Be6
Kg7 39. Rf1 Bg3 40. Bd5 a5 41. Rf7+ Kh6 42. Rf1 c6 43. Be6 c5 44. Bd5 Rb4
45. Ra1 a4 46. Be4 Rxc4 47. Bd3 Rb4 48. Bc2 c4 49. Rxa4 Rxa4 50. Bxa4 Kg5
51. Kg1 Kf4 52. Kf1 Ke3 53. Bd1 c3 54. Ba4 Kd2 55. Bb3 c2 56. Bxc2 Kxc2 57.
Ke2 Kc3 58. Kf3 Bd6 59. h4 Kd4 60. Kg4 Ke5 61. h5 Kf6 62. Kh4 g5+ 63. Kg4 h6
64. Kf3 Kf5 65. g4+ Ke5 66. Kg3 Ke4+ 67. Kh3 Kf4 68. Kg2 Kxg4 69. Kh1 Kxh5
70. Kg2 g4 71. Kf1 Kh4 72. Kg2 g3 73. Kf3 Kh3 74. Ke4 g2 75. Kf5 g1=Q 76.
Kf6 Qg5+ 77. Kf7 Ba3 78. Ke6 Kg4 79. Kd7 Qg6 80. Kd8 Qg7 81. Kc8 Kf5 82. Kd8
Ke6 83. Kc8 Kd6 84. Kb8 Kc6 85. Ka8 Qb7# {White checkmated} 0-1

[Event "ICC tourney 3231 (40 10)"]
[Site "Internet Chess Club"]
[Date "2023.07.08"]
[Round "2"]
[White "Cheng, Samuel:Samuel1001"]
[Black "GHOSH, YOHAN:luckylion"]
[Result "0-1"]
[ICCResult "White checkmated"]
[WhiteElo "1719"]
[BlackElo "1830"]
[Opening "QGD: semi-Slav, Noteboom variation"]
[ECO "D31"]
[NIC "SL.06"]
[Time "13:15:28"]
[PlyCount "130"]
[TimeControl "2400+10"]

1. d4 d5 2. c4 e6 3. Nc3 c6 4. Nf3 dxc4 5. a4 Bb4 6. e3 b5 7. axb5 cxb5 8.
Be2 Bb7 9. O-O a6 10. Qc2 Nf6 11. Nd2 O-O 12. Bf3 Nc6 13. Nde4 Nxe4 14. Bxe4
f5 15. Bf3 Qg5 16. Ne2 Qf6 17. Rd1 Bd6 18. Bd2 g5 19. Bc3 Qh6 20. Ng3 g4 21.
Be2 Ne7 22. Bf1 Be4 23. Qe2 Nd5 24. Bd2 Bd3 25. Qe1 Bxg3 26. fxg3 Be4 27.
Qf2 a5 28. Re1 a4 29. Rec1 Qg7 30. Qe1 Qe7 31. Be2 Ra7 32. Ra2 Rfa8 33. Rca1
a3 34. bxa3 Rxa3 35. Rxa3 Rxa3 36. Qc1 Ra7 37. Ba5 Qb7 38. Kf2 Qa8 39. Qa3
Bxg2 40. Qd6 Kf7 41. Qc5 Rxa5 42. Rxa5 Qxa5 43. Kxg2 Nxe3+ 44. Kf2 Nd5 45.
Qd6 Qc7 46. Qa6 c3 47. Qa1 c2 48. Qc1 b4 49. Bd3 b3 50. Ke2 Kg6 51. Kd2 Qc3+
52. Ke2 Nb4 53. Bb5 Qc8 54. Ba4 Qa6+ 55. Kd2 Na2 56. Be8+ Kh6 57. Qe1 c1=Q+
58. Qxc1 Nxc1 59. Kxc1 Qc8+ 60. Kb2 Qc2+ 61. Ka3 b2 62. Ba4 Qc1 63. Bb3
b1=Q+ 64. Ka4 Qc7 65. Bxe6 Qa7# {White checkmated} 0-1

[Event "ICC tourney 3231 (40 10)"]
[Site "Internet Chess Club"]
[Date "2023.07.08"]
[Round "3"]
[White "Zimmerman, Kevin:blackjack721"]
[Black "MENON, ROHAN Dileep:KIDFIRE"]
[Result "0-1"]
[ICCResult "White resigns"]
[WhiteElo "1500"]
[BlackElo "1744"]
[Opening "Caro-Kann: advance variation"]
[ECO "B12"]
[NIC "CK.04"]
[Time "15:30:18"]
[PlyCount "66"]
[TimeControl "2400+10"]

1. e4 c6 2. d4 d5 3. e5 Bf5 4. g4 Bg6 5. e6 Nf6 6. h4 h5 7. f3 Qd6 8. Be3
Qxe6 9. Qd2 hxg4 10. f4 Ne4 11. Qg2 Nf6 12. Qg3 Qe4 13. Bg2 Qxc2 14. Na3
Qxb2 15. Rd1 Qxa3 16. Ne2 e6 17. O-O Be4 18. f5 Bxg2 19. Kxg2 Ne4 20. Qf4
Bd6 21. Qg5 Nxg5 22. Bxg5 Qh3+ 23. Kf2 f6 24. Nf4 Qh2+ 25. Ke3 fxg5 26. Nxe6
Rxh4 27. Nxg7+ Kf7 28. Rf2 Qg3+ 29. Ke2 Kxg7 30. f6+ Kf7 31. Rdf1 Nd7 32.
Kd1 Qd3+ 33. Rd2 Qxf1+ {White resigns} 0-1

[Event "ICC tourney 3231 (40 10)"]
[Site "Internet Chess Club"]
[Date "2023.07.08"]
[Round "3"]
[White "SCHROMBECK, JON A:GHOST375"]
[Black "Cheng, Samuel:Samuel1001"]
[Result "0-1"]
[ICCResult "White resigns"]
[WhiteElo "1530"]
[BlackElo "1719"]
[Opening "Caro-Kann defense"]
[ECO "B10"]
[NIC "CK.01"]
[Time "15:30:23"]
[PlyCount "51"]
[TimeControl "2400+10"]

1. e4 c6 2. f4 d5 3. exd5 cxd5 4. Nf3 Nc6 5. d4 Nf6 6. Bb5 Bf5 7. O-O e6 8.
Ne5 Rc8 9. c4 Be7 10. Bxc6+ bxc6 11. cxd5 exd5 12. Qa4 Qb6 13. Nc3 O-O 14.
b3 Bb4 15. Ne2 Ne4 16. Bb2 Nf6 17. h3 Rfe8 18. g4 Be4 19. g5 Nh5 20. f5 Rxe5
21. Bc3 Bxc3 22. Nxc3 Rxf5 23. Nxe4 Rxf1+ 24. Rxf1 dxe4 25. Qc4 Qc7 26. Qe2
{White resigns}
0-1